Map: Catalyst LE

Players

Serral

  • Race: Zerg Zerg
  • Spawn Location: 11:00

Has - Winner!

  • Race: Protoss Protoss
  • Spawn Location: 5:00

Event: WCS Valencia 2018

VOD

Have the link to the VOD?

Description

Time

  • Played on: July 14, 2018, 12:44 p.m.
  • Length: 6:05

All games in this series

Show
View Real Time Build Order
Export as new Build Order

Serral Zerg 

Build Orders: Hatch First 

Get SALT Encoding   

  12  0:00  Drone  
  13  0:12  Overlord  
  13  0:17  Drone  
  14  0:30  Drone x2  
  14  0:35  Drone  
  17  0:54  Hatchery  
  16  0:57  Drone  
  16  1:00  Drone  
  18  1:11  Extractor  
  18  1:15  Spawning Pool  
  18  1:18  Drone  
  17  1:22  Drone  
  18  1:27  Drone  
  19  1:39  Overlord  
  19  2:02  Queen  
  19  2:04  Drone x2  
  19  2:06  Queen  
  19  2:08  Roach Warren  
  24  2:10  Extractor  
  24  2:13  Drone  
  24  2:21  Drone  
  25  2:32  Drone  
  26  2:42  Overlord  
  26  2:48  Roach x3  
  32  2:56  Metabolic Boost  
  32  3:02  Queen  
  34  3:08  Roach  
  34  3:09  Ravager x2  
  38  3:15  Roach  
  40  3:33  Overlord  
  41  3:34  Ravager  
  41  3:40  Queen  
  43  3:50  Overlord  
  43  3:51  Roach x2  
  43  3:55  Roach  
  49  3:59  Roach  
  19  5:20  Drone x2  
Show
View Real Time Build Order
Export as new Build Order

Has Protoss - Winner!

Build Orders: 1 Gate Expand, Oracle Opening 

Get SALT Encoding   

  12  0:00  Probe  
  13  0:12  Probe  
  14  0:17  Pylon  
  14  0:22  Probe  
  15  0:31  Probe  
  16  0:38  Gateway  
  16  0:40  Probe  
  16  0:48  Assimilator  
  17  0:51  Probe  
  18  0:59  Probe  
  19  1:08  Probe  
  20  1:24  Nexus  
  20  1:27  Probe  
  21  1:34  Assimilator  
  21  1:39  Probe  
  22  1:46  Cybernetics Core  
  22  1:51  Pylon  
  22  1:54  Probe  
  23  2:09  Probe  
  23  2:10  Pylon  
  23  2:12  Stalker  
  24  2:21  Probe  
  27  2:29  Stargate  
  27  2:33  Probe x2  
  29  2:50  Shield Battery, Stalker  
  31  2:58  Gateway  
  31  3:02  Oracle  
  31  3:06  Pylon  
  36  3:30  Shield Battery  
  36  3:32  Shield Battery  
  36  3:38  Oracle  
  36  3:46  Shield Battery  
  37  3:48  Shield Battery  
  37  3:49  Pylon  
  37  3:52  Pylon  
  37  3:55  Gateway  
  37  4:12  Oracle  
  39  4:37  Probe x2  
  35  4:41  Oracle  
  22  5:07  Oracle  
Tags
 
Add a new tag
Caveats
  • Supply blocks, unpowered buildings, or Contaminate may cause inaccurate times.
  • Supply counts are checked every 10 seconds.